 Dungeon Crawl Stone Soup version 0.29-a0-1027-gcd8c55af63 (webtiles) character file.

Game seed: 8549161758400902214

156 ytrimaz the Trooper (level 5, -7/43 HPs)
             Began as a Formicid Fighter on Aug 12, 2022.
             Mangled by a gnoll sergeant
             ... wielding a +0 trident
              (8 damage)
             ... on level 3 of the Dungeon.
             The game lasted 00:01:51 (2269 turns).

ytrimaz the Trooper (Formicid Fighter)              Turns: 2269, Time: 00:01:51

Health: -7/43      AC:  8    Str: 23    XL:     5   Next: 65%
Magic:  5/5        EV:  9    Int:  7    God:
Gold:   124        SH:  5    Dex: 13    Spells: 4/4 levels left

rFire   . . .      SeeInvis +   a - +0 war axe
rCold   . . .      Faith    .   c - +0 buckler
rNeg    . . .      Spirit   .   b - +0 scale mail
rPois   .          Reflect  .   (helmet unavailable)
rElec   .          Harm     .   (no cloak)
rCorr   .          Rampage  .   (no gloves)
Will    .....                   l - +0 pair of boots
Stlth   ..........              f - amulet of regeneration
HPRegen 0.94/turn               (no ring)
MPRegen 0.09/turn               (no ring)

@: no status effects
A: permanent stasis, dig shafts and tunnels, antennae 3, four strong arms
a: Dig, Shaft Self


You were on level 3 of the Dungeon.
You visited 1 branch of the dungeon, and saw 3 of its levels.

You collected 124 gold pieces.

Inventory:

Hand Weapons
 a - a +0 war axe (weapon)
Armour
 b - a +0 scale mail (worn)
 c - a +0 buckler (worn)
 l - a +0 pair of boots (worn)
Jewellery
 f - an amulet of regeneration (around neck)
Wands
 j - a wand of polymorph (12)
Potions
 d - a potion of might
 e - a potion of curing
 g - a potion of lignification {unknown}
 h - a potion of brilliance {unknown}
 i - 3 potions of heal wounds {unknown}


   Skills:
 + Level 4.6 Fighting
 + Level 4.4 Axes
 - Level 3.2 Armour
 - Level 4.0 Shields


You had 4 spell levels left.
You didn't know any spells.
Your spell library was empty.

Dungeon Overview and Level Annotations

Branches:
Dungeon (3/15)

Altars:
Ashenzari


Innate Abilities, Weirdness & Mutations

You cannot be hasted, slowed, berserked, paralysed or teleported.
You can dig through walls and to a lower floor.
You have a pair of large antennae on your head. (SInv)
Your four strong arms can wield two-handed weapons with a shield.


Message History

You hit the gnoll sergeant.
The gnoll sergeant is heavily wounded.
You closely miss the gnoll.
The gnoll sergeant closely misses your adder.
The hobgoblin hits your ball python. You block the gnoll's attack.
The gnoll hits you with a +0 spear.
* * * LOW HITPOINT WARNING * * *
Your adder bites the gnoll sergeant but does no damage.
Your giant cockroach bites the hobgoblin but does no damage.
Your ball python bites the gnoll sergeant but does no damage.
Your ball python constricts the gnoll sergeant.
Unknown command.
You hit the gnoll sergeant but do no damage.
The gnoll sergeant is heavily wounded.
You hit the gnoll.
Your adder bites the gnoll sergeant but does no damage.
The gnoll sergeant misses your adder.
Your giant cockroach bites the hobgoblin but does no damage.
The hobgoblin misses your ball python.
The gnoll hits you from afar with a +0 spear.
* * * LOW HITPOINT WARNING * * *
You block the gnoll's attack.
The gnoll hits you from afar with a +0 halberd!
* * * LOW HITPOINT WARNING * * *
Your ball python bites the gnoll sergeant but does no damage.
Your ball python constricts the gnoll sergeant.
Your adder bites the gnoll sergeant but does no damage.
The gnoll hits you but does no damage.
Your giant cockroach barely misses the hobgoblin.
The gnoll sergeant hits you but does no damage.
You block the gnoll's attack. The hobgoblin hits your ball python.
Your ball python dies!
Your ball python's corpse dissolves into shadows!
The gnoll hits you from afar with a +0 halberd.
* * * LOW HITPOINT WARNING * * *
Unknown command.
Your adder barely misses the gnoll sergeant.
Your giant cockroach bites the hobgoblin but does no damage.
The gnoll sergeant hits you from afar with a +0 trident!
You die...

.# #...........##.###
.########.......# ...
.......##.......# ##.
.......##.......# ..
.......##.......# .#
#########......###.######
#........#.......
#######..Bgg.....
#.@.#...... #..†g......
#..Sg...... #...#......
#...+...... #####......
..... ..... .###


You could see a gnoll sergeant (ally target), 2 gnolls, a hobgoblin (distracted,
ally target), a friendly adder (summoned) and a friendly giant cockroach
(summoned).

Vanquished Creatures
  A phantom (D:2)
  An adder (D:2)
  A worm (D:2)
  3 dart slugs
  4 orcs (D:3)
  2 bats (D:2)
  2 endoplasms
  A giant cockroach (D:1)
  3 hobgoblins
  6 jackals
  6 kobolds
  A quokka (D:2)
  11 ball pythons
  8 goblins
  6 rats
56 creatures vanquished.

Notes
Turn   | Place    | Note
-------+----------+-------------------------------------------
     0 | D:1      | ytrimaz the Formicid Fighter began the quest for the Orb.
     0 | D:1      | Reached XP level 1. HP: 18/18 MP: 1/1
   245 | D:1      | Reached XP level 2. HP: 18/25 MP: 2/2
   817 | D:1      | Reached XP level 3. HP: 30/30 MP: 3/3
  1112 | D:1      | Found a faded altar of an unknown god.
  1604 | D:2      | Noticed a phantom
  1613 | D:2      | Killed a phantom
  1614 | D:2      | Reached XP level 4. HP: 25/38 MP: 4/4
  1614 | D:2      | Reached XP level 5. HP: 29/43 MP: 5/5
  2133 | D:3      | Found a broken altar of Ashenzari.
  2268 | D:3      | HP: 1/43 [gnoll/+0 halberd[a gnoll sergeant] (4)]
  2269 | D:3      | Mangled by a gnoll sergeant

Illustrated notes

Levels and vault maps discovered:
D:1:      dpeg_arrival_refuge, layout_basic,
          shapermc_ecumenical_altar_mp_vishouse, minmay_misc_feat_pillars
D:2:      layout_rooms, grunt_ministairs_8
D:3:      kennysheep_six_static_rooms, layout_basic, makhleb_altar_promises_db,
          mainiacjoe_overflow_brackets, chequers_serial_rivers_micro_d,
          uniq_grinder

Skill      XL: |  1  2  3 |
---------------+----------+-----
Fighting       | 4 |  4.6
Axes           | 4 |  4.4
Armour         | |  3.2
Shields        | |  4.0

Action                   |  1- 3 |  4- 6 || total
-------------------------+-------+-------++-------
Melee: War axe           |    85 |    52 ||   137
  Use: Scroll            |     1 |     2 ||     3
       Potion            |     1 |       ||     1
Armor: Scale mail        |    53 |    30 ||    83
Dodge: Dodged            |    40 |    25 ||    65
Block: Buckler           |    34 |    16 ||    50

Table legend: (Time is in decaauts)
 A = Elapsed time spent in this place.
 B = Non-inter-level travel time spent in this place.
 C = Inter-level travel time spent in this place.
 D = Time resting spent in this place.
 E = Time spent auto-exploring this place.
 F = Levels seen in this place.
 G = Mean time per level.
                   A        B        C        D        E       F      G
               +--------+--------+--------+--------+--------+-----+--------+
         Total |   2320 |   2270 |     50 |    149 |   1700 |   3 |  773.3 |
       Dungeon |   2320 |   2270 |     50 |    149 |   1700 |   3 |  773.3 |
               +--------+--------+--------+--------+--------+-----+--------+

Top non-repeatable levels by time:
     D:1: 1383 daAuts
     D:2: 773 daAuts
     D:3: 162 daAuts
